[Event "Reykjavik Open 2008"]
[Site "Reykjavik"]
[Date "2008.03.03"]
[Round "1.2"]
[White "Wang, Hao"]
[Black "Arngrimsson, Dagur"]
[Result "1-0"]
[ECO "A00"]
[WhiteElo "2665"]
[BlackElo "2359"]
[PlyCount "61"]
[EventDate "2008.03.03"]
[TimeControl "5400"]

1. e4 e5 2. Nf3 Nc6 3. Bb5 a6 4. Ba4 Nf6 5. O-O Be7 6. Re1 b5 7. Bb3 d6 8. c3
O-O 9. h3 Na5 10. Bc2 c5 11. d4 Qc7 12. d5 Bd7 13. Nbd2 c4 14. Nf1 Nb7 15. g4
Nc5 16. Ng3 g6 17. Nh2 Ne8 18. Kg2 Ng7 19. f4 f6 20. Nf3 a5 21. f5 b4 22. h4
gxf5 23. gxf5 Kh8 24. h5 b3 25. axb3 cxb3 26. Bb1 Bb5 27. Nh4 Bd8 28. Ng6+ hxg6
29. hxg6 Ra7 30. Rh1+ Kg8 31. Rh7 1-0

[Event "Reykjavik Open 2008"]
[Site "Reykjavik"]
[Date "2008.03.03"]
[Round "1.3"]
[White "Lagerman, Robert"]
[Black "Mikhalevski, Victor"]
[Result "0-1"]
[ECO "A00"]
[WhiteElo "2348"]
[BlackElo "2632"]
[PlyCount "132"]
[EventDate "2008.03.03"]
[TimeControl "5400"]

1. e4 e5 2. Nf3 Nc6 3. d4 exd4 4. Nxd4 Nf6 5. Nc3 Bb4 6. Nxc6 bxc6 7. Bd3 O-O
8. O-O d5 9. exd5 cxd5 10. Bg5 c6 11. Qf3 Bd6 12. Rae1 Rb8 13. Ne2 Rxb2 14. Nd4
Rb6 15. Nf5 c5 16. Qh3 Bxf5 17. Qxf5 Qd7 18. Bxf6 Qxf5 19. Bxf5 gxf6 20. Rd1
Rd8 21. f4 d4 22. Rd3 c4 23. Rg3+ Kh8 24. Rh3 Bc5 25. Kh1 Rdb8 26. Rxh7+ Kg8
27. Rh3 Rb1 28. Rhf3 R8b2 29. h4 d3 30. cxd3 c3 31. d4 Rxf1+ 32. Rxf1 Bxd4 33.
Rd1 Be3 34. Rd8+ Kg7 35. Rc8 Bd2 36. g4 Rxa2 37. Rc7 Bxf4 38. Rxc3 Rh2+ 39. Kg1
Rxh4 40. Rc4 Be5 41. Kg2 Rh2+ 42. Kf3 Rb2 43. Ra4 Rb7 44. Ke4 Rc7 45. Ra3 Bc3
46. Ra6 Be1 47. Kd5 Bf2 48. Kd6 Rc5 49. Ra2 Be3 50. Ra3 Re5 51. Ra4 Kh6 52. Re4
Kg5 53. Rxe5 Bf4 54. Ke7 fxe5 55. Kxf7 a5 56. Ke6 a4 57. Kd5 a3 58. Bb1 Kxg4
59. Ke4 Kg3 60. Ba2 Kf2 61. Kd3 Bg5 62. Ke4 Bf6 63. Kd3 Kf3 64. Bd5+ Kf4 65.
Ke2 e4 66. Ba2 Ke5 0-1

[Event "Reykjavik Open 2008"]
[Site "Reykjavik"]
[Date "2008.03.03"]
[Round "1.4"]
[White "Malakhatko, Vadim"]
[Black "Nemcova, Katerina"]
[Result "1-0"]
[ECO "A00"]
[WhiteElo "2600"]
[BlackElo "2342"]
[PlyCount "83"]
[EventDate "2008.03.03"]
[TimeControl "5400"]

1. d4 d5 2. c4 c6 3. Nc3 Nf6 4. e3 e6 5. Nf3 Nbd7 6. Bd3 dxc4 7. Bxc4 b5 8. Bd3
b4 9. Ne4 Nxe4 10. Bxe4 Bb7 11. O-O Bd6 12. a3 bxa3 13. b4 Nf6 14. Bd3 Nd5 15.
Bxa3 Nxb4 16. Bxb4 Bxb4 17. Ne5 a5 18. Qh5 Qf6 19. Be4 g6 20. Qh6 Bf8 21. Qh3
Bb4 22. Rfc1 Rc8 23. Nc4 O-O 24. Nxa5 Bxa5 25. Rxa5 Ra8 26. Rac5 Rfc8 27. Qg3
Kg7 28. h4 Ra6 29. Rb1 Qe7 30. h5 Rca8 31. Qf4 f6 32. Qg3 f5 33. Bf3 Ra1 34.
Rcc1 Rxb1 35. Rxb1 g5 36. Qe5+ Kf7 37. h6 Kg8 38. d5 cxd5 39. Rxb7 Qxb7 40.
Qxe6+ Kf8 41. Qf6+ Ke8 42. Qh8+ 1-0

[Event "Reykjavik Open 2008"]
[Site "Reykjavik"]
[Date "2008.03.03"]
[Round "2.1"]
[White "Stefanova, Antoaneta"]
[Black "Wang, Hao"]
[Result "1/2-1/2"]
[ECO "A00"]
[WhiteElo "2464"]
[BlackElo "2665"]
[PlyCount "100"]
[EventDate "2008.03.03"]
[TimeControl "5400"]

1. d4 e6 2. c4 Nf6 3. g3 d5 4. Bg2 dxc4 5. Nf3 a6 6. O-O b5 7. Ne5 Nd5 8. a4
Bb7 9. e4 Nf6 10. axb5 axb5 11. Rxa8 Bxa8 12. Nc3 c6 13. d5 Be7 14. dxe6 fxe6
15. Bh3 Qxd1 16. Rxd1 Nbd7 17. Nxd7 Nxd7 18. Be3 Bb7 19. Bxe6 Nc5 20. Bxc5 Bxc5
21. Kf1 Ke7 22. Rd7+ Kxe6 23. Rxb7 Bd4 24. f4 Ra8 25. Ke2 Ra7 26. Rb8 g6 27. e5
Ra1 28. Rd8 Bxc3 29. bxc3 Kf5 30. Rc8 Ke4 31. e6 Ra2+ 32. Kd1 Ra7 33. Rd8 Re7
34. Rd6 c5 35. Kd2 h5 36. Rb6 Kd5 37. Rxb5 Rxe6 38. Rb8 Ra6 39. Rd8+ Ke4 40.
Re8+ Kf3 41. Re3+ Kg2 42. Re2+ Kh3 43. Ke3 Rd6 44. Rc2 Re6+ 45. Kf3 Re1 46. Kf2
Rd1 47. Kf3 Rh1 48. Ke3 Rxh2 49. Rxh2+ Kxh2 50. Kf2 Kh3 1/2-1/2

[Event "Reykjavik Open 2008"]
[Site "Reykjavik"]
[Date "2008.03.03"]
[Round "2.5"]
[White "Perunovic, Miodrag"]
[Black "Halkias, Stelios"]
[Result "0-1"]
[ECO "A00"]
[WhiteElo "2440"]
[BlackElo "2580"]
[PlyCount "90"]
[EventDate "2008.03.03"]
[TimeControl "5400"]

1. d4 Nf6 2. Nf3 d5 3. c4 e6 4. Nc3 Bb4 5. cxd5 exd5 6. Bg5 Nbd7 7. Qb3 c5 8.
a3 Ba5 9. e3 Qb6 10. Qxb6 axb6 11. Nd2 Bxc3 12. bxc3 c4 13. e4 b5 14. e5 Ng8
15. g3 Nb6 16. Bg2 h6 17. Be3 Ne7 18. O-O Bf5 19. h3 h5 20. f3 Ra6 21. g4 Bd3
22. Rfc1 Kd7 23. f4 Rha8 24. f5 Rxa3 25. Rxa3 Rxa3 26. Nf3 hxg4 27. hxg4 f6 28.
e6+ Kc6 29. Ne1 Nec8 30. Kf2 Nd6 31. Nxd3 cxd3 32. Bf4 Nbc4 33. Bf3 Ra2+ 34.
Kg3 d2 35. Rd1 Rc2 36. Kf2 b4 37. cxb4 Nb5 38. e7 Kd7 39. Bxd5 Nc3 40. Bf3
Nxd1+ 41. Bxd1 Rc1 42. Ba4+ Kxe7 43. Ke2 Re1+ 44. Kd3 d1=Q+ 45. Bxd1 Nb2+ 0-1

[Event "Reykjavik Open 2008"]
[Site "Reykjavik"]
[Date "2008.03.03"]
[Round "2.6"]
[White "Lie, Espen"]
[Black "Al-Modiahki, Mohamad"]
[Result "1-0"]
[ECO "A00"]
[WhiteElo "2428"]
[BlackElo "2569"]
[PlyCount "85"]
[EventDate "2008.03.03"]
[TimeControl "5400"]

1. e4 c5 2. Nf3 d6 3. d4 cxd4 4. Nxd4 Nf6 5. Nc3 a6 6. Be2 e5 7. Nb3 Be7 8. Bg5
Be6 9. Bxf6 Bxf6 10. Qd3 Nc6 11. O-O-O Nd4 12. Nxd4 exd4 13. Nd5 Bxd5 14. exd5
O-O 15. Kb1 Re8 16. h4 h6 17. g3 Qb6 18. g4 g6 19. g5 hxg5 20. h5 Rxe2 21. Qxe2
Qxb2+ 22. Kxb2 d3+ 23. Kc1 dxe2 24. Rde1 gxh5 25. Rxh5 Re8 26. Kd2 Re5 27. Rh3
Rxd5+ 28. Rd3 Rc5 29. Rxe2 Be5 30. Re4 b5 31. a4 bxa4 32. Rxa4 a5 33. c4 Bf4+
34. Ke2 Be5 35. Rd5 Rxd5 36. cxd5 Bc3 37. Rg4 f6 38. Kd3 Be1 39. f4 Bh4 40. Ke4
Kf7 41. Kf5 Ke7 42. Kg6 Bf2 43. f5 1-0

[Event "Reykjavik Open 2008"]
[Site "Reykjavik"]
[Date "2008.03.08"]
[Round "6.1"]
[White "Caruana, Fabiano"]
[Black "Stefansson, Hannes"]
[Result "1/2-1/2"]
[ECO "A00"]
[WhiteElo "2598"]
[BlackElo "2564"]
[PlyCount "101"]
[EventDate "2008.03.03"]
[TimeControl "5400"]

1. e4 e5 2. Nf3 Nc6 3. Bb5 a6 4. Ba4 Nf6 5. O-O b5 6. Bb3 Bb7 7. d3 Be7 8. Re1
O-O 9. Nbd2 d6 10. c3 Re8 11. Nf1 h6 12. Ng3 Bf8 13. d4 Na5 14. Bc2 Nc4 15. b3
Nb6 16. Bd3 g6 17. d5 c6 18. c4 Nfd7 19. Be3 Nc5 20. Bf1 bxc4 21. bxc4 Nbd7 22.
Rb1 Qc7 23. h4 Nf6 24. h5 Bc8 25. hxg6 fxg6 26. Nd2 Bg4 27. f3 Bd7 28. Nb3 Nxb3
29. axb3 c5 30. Qd2 Kh7 31. Bd3 a5 32. Ne2 a4 33. bxa4 Rxa4 34. Nc3 Ra3 35. Qb2
Rea8 36. Bc1 R3a6 37. Bd2 Qd8 38. Ra1 Rxa1 39. Rxa1 Rxa1+ 40. Qxa1 g5 41. Qa7
Kg6 42. Nb5 Qe7 43. Ba5 Ne8 44. Qb8 Kg7 45. Qd8 Qxd8 46. Bxd8 Kf7 47. Bc2 Be7
48. Ba5 g4 49. fxg4 Bxg4 50. Kf1 h5 51. Bd3 1/2-1/2

[Event "Reykjavik Open 2008"]
[Site "Reykjavik"]
[Date "2008.03.08"]
[Round "6.3"]
[White "Hillarp Persson, Tiger"]
[Black "Wang, Hao"]
[Result "0-1"]
[ECO "A00"]
[WhiteElo "2535"]
[BlackElo "2665"]
[PlyCount "86"]
[EventDate "2008.03.03"]
[TimeControl "5400"]

1. e4 c5 2. Nf3 d6 3. d4 cxd4 4. Nxd4 Nf6 5. Nc3 a6 6. Be3 e5 7. Nb3 Be7 8. f3
Be6 9. Qd2 O-O 10. O-O-O Nbd7 11. g4 b5 12. g5 b4 13. Ne2 Ne8 14. f4 a5 15. f5
Bxb3 16. cxb3 a4 17. bxa4 Rxa4 18. b3 Ra5 19. Ng3 d5 20. exd5 Bc5 21. Kb1 Qa8
22. a4 bxa3 23. Ka2 Nd6 24. f6 Rb8 25. Rb1 Bxe3 26. Qxe3 Nb6 27. Bg2 Nxd5 28.
Bxd5 Qxd5 29. Rhd1 Qe6 30. Qd3 Ne8 31. fxg7 Ra4 32. Qd7 Rh4 33. Qxe6 Rxh2+ 34.
Kxa3 fxe6 35. Rd7 Nxg7 36. Ne4 Nf5 37. Nf6+ Kh8 38. Rb2 Rh3 39. Ka4 Nd4 40. Ra7
Nxb3 41. Rc2 Rh1 42. Ka3 Nd4 43. Rc1 Nb5+ 0-1

[Event "Reykjavik Open 2008"]
[Site "Reykjavik"]
[Date "2008.03.08"]
[Round "6.5"]
[White "Mikhalevski, Victor"]
[Black "Kristjansson, Stefan"]
[Result "1-0"]
[ECO "A00"]
[WhiteElo "2632"]
[BlackElo "2476"]
[PlyCount "61"]
[EventDate "2008.03.03"]
[TimeControl "5400"]

1. d4 Nf6 2. c4 e6 3. g3 c5 4. d5 exd5 5. cxd5 d6 6. Nc3 g6 7. Bg2 Bg7 8. Nf3
O-O 9. O-O Re8 10. Nd2 a6 11. a4 Nbd7 12. h3 Rb8 13. Nc4 Nb6 14. Na3 Bd7 15. e4
Nc8 16. Qd3 Qa5 17. Nc4 Qc7 18. a5 Bb5 19. Bd2 Nd7 20. f4 Bxc4 21. Qxc4 b5 22.
axb6 Rxb6 23. Nd1 Qb7 24. Bc3 Rb5 25. Ra3 Nf6 26. Nf2 Nh5 27. Kh2 Bxc3 28. bxc3
Nb6 29. Qa2 Nd7 30. Rxa6 Rb2 31. Qa4 1-0

[Event "Reykjavik Open 2008"]
[Site "Reykjavik"]
[Date "2008.03.08"]
[Round "6.6"]
[White "Robson, Ray"]
[Black "Malakhatko, Vadim"]
[Result "1/2-1/2"]
[ECO "A00"]
[WhiteElo "2389"]
[BlackElo "2600"]
[PlyCount "131"]
[EventDate "2008.03.03"]
[TimeControl "5400"]

1. e4 c5 2. Nf3 d6 3. d4 cxd4 4. Nxd4 Nf6 5. Nc3 g6 6. Be3 Bg7 7. f3 a6 8. Qd2
b5 9. a4 bxa4 10. Nxa4 O-O 11. c4 Bb7 12. Be2 Nfd7 13. O-O Nc6 14. b4 Nxd4 15.
Bxd4 Bxd4+ 16. Qxd4 Qc7 17. Rfd1 Rfd8 18. Nc3 Bc6 19. Nd5 Bxd5 20. cxd5 Qb7 21.
Ra4 Rdb8 22. Rda1 Qb6 23. Qxb6 Rxb6 24. Rxa6 Raxa6 25. Rxa6 Rxb4 26. Ra7 Ne5
27. Rxe7 Kf8 28. Ra7 Rb2 29. Kf1 g5 30. Ra8+ Ke7 31. g3 Ng6 32. Ra7+ Ke8 33.
Kf2 h5 34. Ra3 h4 35. Ke3 Ke7 36. Ra7+ Ke8 37. Ra3 Ke7 38. Rd3 Ne5 39. Rd2 Rxd2
40. Kxd2 hxg3 41. hxg3 f6 42. Ke3 Nd7 43. Kd4 Ne5 44. f4 gxf4 45. gxf4 Nd7 46.
Bc4 Nc5 47. Bd3 Nd7 48. Kc4 Nf8 49. Kd4 Nd7 50. Bc2 Nb6 51. Bb3 Nd7 52. Ba4 Nc5
53. Bd1 Nd7 54. Kc4 Nc5 55. Bc2 Kd8 56. Kb5 Kc7 57. Ka5 Nb7+ 58. Ka6 Nc5+ 59.
Kb5 Nd7 60. Bb1 Nc5 61. e5 fxe5 62. fxe5 Nd7 63. e6 Nf6 64. Ba2 Kd8 65. Kc6 Ke7
66. Bb1 1/2-1/2

[Event "Reykjavik Open 2008"]
[Site "Reykjavik"]
[Date "2008.03.08"]
[Round "6.7"]
[White "Meier, Georg"]
[Black "Gaponenko, Inna"]
[Result "1/2-1/2"]
[ECO "A00"]
[WhiteElo "2570"]
[BlackElo "2422"]
[PlyCount "106"]
[EventDate "2008.03.03"]
[TimeControl "5400"]

1. e4 c5 2. Nf3 d6 3. d4 cxd4 4. Nxd4 Nf6 5. Nc3 a6 6. Be3 e5 7. Nb3 Be6 8. Qd2
Nbd7 9. O-O-O b5 10. f3 Qc7 11. Kb1 Nb6 12. Bxb5+ axb5 13. Nxb5 Qc6 14. Nxd6+
Bxd6 15. Qxd6 Qxd6 16. Rxd6 Nc4 17. Rd3 Nxe3 18. Rxe3 Ke7 19. Rd1 Rhc8 20. Nc1
Ne8 21. b3 Nd6 22. Kb2 Rab8 23. Rc3 Nc4+ 24. Ka1 Na3 25. Rxc8 Rxc8 26. c4 Rb8
27. Nd3 Nc2+ 28. Kb2 Ne3 29. Rg1 Bxc4 30. Nxe5 Bb5 31. h3 f6 32. Ng4 Nf1 33.
Kc3 Ba6 34. a4 h5 35. Nf2 h4 36. b4 Rc8+ 37. Kb2 Be2 38. b5 Kd6 39. e5+ Kxe5
40. Ne4 f5 41. Nd2 Ne3 42. Nb3 Bf1 43. b6 f4 44. Rxf1 Nxf1 45. a5 Rb8 46. Kc3
Kd5 47. Kb4 Ne3 48. Nc5 Nc2+ 49. Kb5 Nd4+ 50. Kb4 Rc8 51. a6 Rxc5 52. a7 Nc6+
53. Kb3 Nxa7 1/2-1/2